 Dungeon Crawl Stone Soup version 0.28.0-45-g0d030f2227 (webtiles) character file.

Game seed: 12029927623829819697

2 GigaChad the Grave Robber (level 1, -6/13 HPs)
             Began as a Vampire Necromancer on Apr 5, 2022.
             Mangled by an iguana (11 damage)
             ... on level 2 of the Dungeon.
             The game lasted 00:01:37 (303 turns).

GigaChad the Grave Robber (Vampire Necromancer)      Turns: 303, Time: 00:01:37

Health: -6/13      AC:  2    Str:  7    XL:     1   Next: 25%
Magic:  1/3        EV: 12    Int: 17    God:
Gold:   21         SH:  0    Dex: 14    Spells: 3/4 levels left

rFire   . . .      SeeInvis +   (no weapon)
rCold   . . .      Faith    .   (no shield)
rNeg    . . .      Spirit   .   a - +0 robe
rPois   .          Reflect  .   (no helmet)
rElec   .          Harm     .   (no cloak)
rCorr   .          Rampage  .   (no gloves)
Will    .....                   (no boots)
Stlth   ++........              (no amulet)
HPRegen 0.24/turn               (no ring)
MPRegen 0.08/turn               (no ring)

@: healing quickly
A: alive, fangs 3, see invisible, vampiric 1
a: Exsanguinate


You were on level 2 of the Dungeon.
You visited 1 branch of the dungeon, and saw 2 of its levels.

You collected 21 gold pieces.

Inventory:

Armour
 a - a +0 robe (worn)
Scrolls
 c - a scroll of vulnerability {unknown}
Potions
 b - a potion of ambrosia {unknown}


   Skills:
 + Level 2.1 Dodging
 + Level 3.0 Stealth
 + Level 2.0 Spellcasting
 + Level 4.5 Necromancy


You had 3 spell levels left.
You knew the following spells:

 Your Spells              Type           Power      Damage    Failure   Level
a - Pain                  Necr           68%        1d7       3%          1

Your spell library contained the following spells:

 Spells                   Type           Power      Damage    Failure   Level
 Animate Skeleton         Necr           34%        N/A       3%          1
 Vampiric Draining        Necr           17%        2d7       9%          3
 Animate Dead             Necr           8%         N/A       30%         4
 Agony                    Necr           17%        N/A       63%         5


Dungeon Overview and Level Annotations

Branches:
Dungeon (2/15)

Altars:
The Shining One


Innate Abilities, Weirdness & Mutations

Your natural rate of healing is accelerated.
You have razor-sharp teeth.
You have supernaturally acute eyesight. (SInv)
You are afflicted with vampirism.


Message History

Found a leather armour.
Found 6 gold pieces.
Found a scroll labelled PUUDOA ALLA.
You now have 21 gold pieces (gained 6).
Found a stone staircase leading down.
A ball python comes into view.
The ball python hisses angrily.
The ball python writhes in agony.
The ball python writhes in agony.
The ball python writhes in agony.
You kill the ball python!
c - a scroll labelled PUUDOA ALLA
There is a stone staircase leading down here.
You climb downwards.
Found 10 gold pieces.
Found a glowing golden altar of the Shining One.
There is a stone staircase leading up here.
The iguana hisses angrily.
The iguana writhes in agony.
The adder hisses angrily.
The iguana writhes in agony!
You are too depleted to draw on your mana recklessly!
You hit the adder but do no damage. The adder barely misses you.
You closely miss the adder. Your bite misses the adder.
The adder barely misses you. The iguana closely misses you.
You hit the adder but do no damage. The adder bites you. The iguana misses you.
You barely miss the adder. The adder bites you but does no damage.
The iguana bites you!
Ouch! That really hurt!
The adder bites you but does no damage.
You are too injured to fight recklessly!
You are too injured to fight recklessly!
You closely miss the iguana.
The iguana is severely wounded.
The adder barely misses you. The iguana barely misses you.
The iguana bites you but does no damage.
The adder closely misses you. The adder barely misses you.
The iguana bites you!
Ouch! That really hurt!
You die...

..##.
####..#.####
#..........#
#..........#
#..........#
......$....#
...........#
........l@.#
.._.....S..#
......######
..... #...
###


You could see an iguana and an adder.

Vanquished Creatures
  A ball python (D:1)
  A frilled lizard (D:1)
2 creatures vanquished.

Notes
Turn   | Place    | Note
-------+----------+-------------------------------------------
     0 | D:1      | GigaChad the Vampire Necromancer began the quest for the
                  | Orb.
     0 | D:1      | Reached XP level 1. HP: 13/13 MP: 3/3
   291 | D:2      | Noticed an iguana
   303 | D:2      | Mangled by an iguana

Illustrated notes

Levels and vault maps discovered:
D:1:      dpeg_arrival_water_fire, layout_basic, patterned_corridor
D:2:      layout_rooms, shapermc_ecumenical_altar_mp_urbaneastern, basic_altar,
          uniq_terence

Action                   || total
-------------------------++-------
Melee: Unarmed           ||     8
 Cast: Pain              ||     5
 Stab: Sleeping          ||     1
Armor: Robe              ||     3
Dodge: Dodged            ||     9
